 Dungeon Crawl Stone Soup version 0.31.0-11-ge490571c62 (webtiles) character file.

Game seed: 11702213650073816212

819 qw the Shooter (level 7, 0/35 HPs)
             Began as a Spriggan Hunter on Feb 5, 2024.
             Was a Believer of Okawaru.
             Succumbed to a water moccasin's poison
             ... on level 5 of the Dungeon.
             The game lasted 00:00:53 (3368 turns).

qw the Shooter (Spriggan Hunter)                    Turns: 3368, Time: 00:00:54

Health: 0/35       AC:  3    Str: 13    XL:     7   Next: 63%
Magic:  10/10      EV: 21    Int: 11    God:    Okawaru [**....]
Gold:   191        SH:  0    Dex: 20    Spells: 6/6 levels left

rFire   . . .        a - +1 shortbow
rCold   + . .        (shield currently unavailable)
rNeg    . . .        c - +0 robe
rPois   .            (helmet restricted)
rElec   .            h - +0 cloak
rCorr   .            (gloves unavailable)
SInv    +            (boots unavailable)
Will    +....        (no amulet)
Stlth   ++           f - ring of protection from cold
HPRegen 0.25/turn    g - +6 ring of strength
MPRegen 0.12/turn

%: no passive effects
@: lethally poisoned (0 -> -9), very quick
A: very small, no large weapons, unfitting armour, see invisible, speed 3
a: Renounce Religion, Heroism


You were on level 5 of the Dungeon.
You worshipped Okawaru.
Okawaru was pleased with you.
You visited 2 branches of the dungeon, and saw 6 of its levels.

You collected 191 gold pieces.


Innate Abilities, Weirdness & Mutations

You are very small and have problems with some larger weapons.
You are too small for most types of armour.
You have supernaturally acute eyesight. (SInv)
You cover ground extremely quickly. (Speed+++)


   Skills:
 - Level 2.3 Fighting
 - Level 7.0 Ranged Weapons
 + Level 6.4 Dodging
 - Level 1.5 Stealth
 + Level 3.7 Invocations


You had 6 spell levels left.
You didn't know any spells.
Your spell library was empty.

Inventory:

Hand Weapons
 a - a +1 shortbow (weapon)
Armour
 c - a +0 robe (worn)
 h - a +0 cloak (worn)
Jewellery
 f - a ring of protection from cold (left hand)
 g - a +6 ring of strength (right hand)
 Y - a ring of resist corrosion
Scrolls
 d - a scroll of identify
Potions
 b - a potion of mutation
 e - 3 potions of curing
 i - a potion of heal wounds {unknown}

Dungeon Overview and Level Annotations

Branches:
Dungeon (5/15)             Temple (1/1) D:4

Altars:
Cheibriados
Dithmenos
Elyvilon
Gozag
Hepliaklqana
Kikubaaqudgha
Makhleb
Okawaru
Qazlal
Ru
Sif Muna
Trog
Uskayaw
Vehumet
Xom
Zin
The Shining One

Annotations:
D:1 2 transporters
D:4 4 runed translucent doors


Message History

You shoot an arrow.
The arrow barely misses the water moccasin.
The water moccasin closely misses you.
You shoot an arrow.
The arrow hits the water moccasin but does no damage.
The water moccasin is moderately wounded.
The water moccasin barely misses you. x2
You shoot an arrow. The arrow hits the water moccasin.
The water moccasin is heavily wounded.
The water moccasin closely misses you. The water moccasin misses you.
You shoot an arrow. The arrow hits the water moccasin!
The water moccasin is severely wounded.
The water moccasin misses you.
You shoot an arrow.
The arrow barely misses the water moccasin.
The water moccasin bites you!
You are poisoned.
The water moccasin poisons you! The water moccasin bites you!
You are lethally poisoned!
The water moccasin poisons you!
You shoot an arrow.
The arrow hits the water moccasin but does no damage.
The water moccasin is severely wounded.
You feel extremely sick. The water moccasin closely misses you.
You shoot an arrow.
The arrow closely misses the water moccasin.
You feel very sick. The water moccasin barely misses you.
The water moccasin completely misses you.
You shoot an arrow. The arrow hits the water moccasin.
The water moccasin is almost dead.
You feel very sick. The water moccasin misses you.
You shoot an arrow. The arrow misses the water moccasin.
You feel very sick. The water moccasin closely misses you.
The water moccasin completely misses you.
You shoot an arrow. The arrow misses the water moccasin.
You die...

## ## ####. ## #.
### .$..#
#.##.##.### #..##
#..##.#...# #S@##
#.......##
##..#####.....#..##
#.....#.....###..#
#..##).##..## ##..
#.####..#..# ##.
#.## #..#...## ##
#. #...>....#### ..
#............ ##.
#............


You could see a water moccasin.

Vanquished Creatures
  A black bear (D:4)
  An ogre (D:5)
  A phantom (D:5)
  2 scorpions
  A killer bee (D:4)
  A bombardier beetle (D:4)
  4 hounds
  An iguana (D:4)
  A sleepcap (D:4)
  3 orc wizards (D:4)
  4 adders
  2 ribbon worms
  3 dart slugs
  12 orcs
  8 bats
  5 endoplasms
  3 giant cockroaches
  4 goblins
  6 hobgoblins
  8 jackals
  2 quokkas (D:1)
  2 ball pythons (D:3)
  4 frilled lizards
  7 kobolds
  5 rats
91 creatures vanquished.

Notes
Turn   | Place    | Note
-------+----------+-------------------------------------------
     0 | D:1      | qw the Spriggan Hunter began the quest for the Orb.
     0 | D:1      | Reached XP level 1. HP: 10/10 MP: 2/2
     0 | D:1      | 0 ||| qw: Version: 0.3-a-160-g6735b56
     0 | D:1      | 0 ||| qw: Game counter: 6142
     0 | D:1      | 0 ||| qw: Melee chars always use a shield: true
     0 | D:1      | 0 ||| qw: God list: Okawaru
     0 | D:1      | 0 ||| qw: Allow faded altars: false
     0 | D:1      | 0 ||| qw: Do Orc after clearing Dungeon:15 true
     0 | D:1      | 0 ||| qw: Do second Lair branch before Depths: true
     0 | D:1      | 0 ||| qw: Lair rune preference: random
     0 | D:1      | 0 ||| qw: Goals: Normal
     0 | D:1      | 0 ||| PLANNING D:1-11
    35 | D:1      | Reached skill level 3 in Dodging
    61 | D:1      | Reached XP level 2. HP: 13/14 MP: 3/3
   362 | D:1      | Found a faded altar of an unknown god.
   788 | D:1      | 788 ||| UPGRADING to +0 cloak.
   793 | D:1      | 793 ||| DROPPING amulet of magic regeneration.
   794 | D:1      | 794 ||| UPGRADING to ring of protection from cold.
   795 | D:1      | 795 ||| UPGRADING to ring of resist corrosion.
   796 | D:1      | 796 ||| READING scroll labelled RESAPYF ARIHO.
   797 | D:1      | 797 ||| READING scroll labelled UDAOBEEROS.
   797 | D:1      | 797 ||| IDENTIFYING lumpy orange potion
   798 | D:1      | 798 ||| DROPPING scroll of butterflies.
   948 | D:2      | 948 ||| RETREEEEATING.
   950 | D:2      | Reached XP level 3. HP: 14/18 MP: 4/4
  1263 | D:2      | Reached skill level 5 in Ranged Weapons
  1349 | D:2      | 1349 ||| READING scroll of identify.
  1349 | D:2      | 1349 ||| IDENTIFYING grey potion
  1350 | D:2      | 1350 ||| READING scroll labelled DIZAD XI IBLY.
  1350 | D:2      | 1350 ||| ENCHANTING +0 shortbow.
  1351 | D:2      | 1351 ||| DROPPING potion of brilliance.
  1453 | D:3      | Found a shadowy altar of Dithmenos.
  1494 | D:3      | 1494 ||| FLEEEEING.
  1571 | D:3      | Reached XP level 4. HP: 22/22 MP: 5/5
  1939 | D:3      | Found a burning altar of Makhleb.
  2006 | D:3      | 2006 ||| UPGRADING to +6 ring of strength.
  2008 | D:3      | 2008 ||| READING scroll labelled TASMAKHLETUI.
  2014 | D:4      | Found a large runed translucent door.
  2014 | D:4      | Found a large runed translucent door.
  2014 | D:4      | Found a staircase to the Ecumenical Temple.
  2015 | D:4      | 2015 ||| PLANNING TEMPLE
  2016 | D:4      | Found a large runed translucent door.
  2016 | D:4      | Found a large runed translucent door.
  2017 | D:4      | Noticed a steam dragon
  2018 | D:4      | Noticed a centaur
  2024 | Temple   | Entered the Ecumenical Temple
  2025 | Temple   | 2025 ||| PLANNING OKAWARU WORSHIP
  2039 | Temple   | Became a worshipper of Warmaster Okawaru
  2040 | Temple   | 2040 ||| PLANNING D:1-11
  2161 | D:4      | Reached XP level 5. HP: 27/27 MP: 6/6
  2468 | D:4      | Found a hide-covered altar of Uskayaw.
  2615 | D:4      | Reached skill level 6 in Ranged Weapons
  2615 | D:4      | Reached XP level 6. HP: 31/31 MP: 7/7
  2617 | D:4      | Reached * piety under Okawaru
  2629 | D:4      | Reached skill level 6 in Dodging
  2631 | D:4      | Reached skill level 1 in Invocations
  2740 | D:4      | 2740 ||| INVOKING Heroism.
  2880 | D:4      | Found a snail-covered altar of Cheibriados.
  2986 | D:4      | Reached XP level 7. HP: 20/35 MP: 9/9
  3062 | D:4      | Identified the +1 flail "Huvible" {spect, Str+3}
  3078 | D:4      | 3078 ||| READING 2 scrolls of identify.
  3078 | D:4      | 3078 ||| IDENTIFYING emerald potion
  3079 | D:4      | 3079 ||| READING scroll of identify.
  3079 | D:4      | 3079 ||| IDENTIFYING viscous black potion
  3080 | D:4      | 3080 ||| READING scroll labelled OLOUPIOFUWN.
  3128 | D:4      | 3128 ||| DROPPING potion of attraction.
  3134 | D:5      | Entered Level 5 of the Dungeon
  3170 | D:5      | Reached skill level 3 in Invocations
  3226 | D:5      | Reached skill level 7 in Ranged Weapons
  3270 | D:5      | Reached ** piety under Okawaru
  3366 | D:5      | HP: 5/35 [poisoned by a water moccasin]
  3367 | D:5      | HP: 2/35 [poisoned by a water moccasin]
  3368 | D:5      | Succumbed to a water moccasin's poison

Levels and vault maps discovered:
D:1:      spicycebolla_arrival_transporter_tutorial, layout_basic,
          shapermc_ecumenical_altar_gd
D:2:      layout_basic
D:3:      layout_loops_cross, nicolae_dithmenos_shadow_blocks,
          old_standard_altar, dk_noncrumbling_2
D:4:      black_bear_nest_2, layout_loops_corners, overflow_temple_1_default,
          mainiacjoe_overflow_alcove_1, minmay_temple_entry_overgrown,
          minmay_hollow_rounded_squares
D:5:      layout_layer_cave, uniq_crazy_yiuf_cottage
Temple:   hellmonk_temple_forest_ring

Skill      XL: |  1  2  3  4  5  6  7 |
---------------+----------------------+-----
Dodging        | 3 4 5 6 |  6.4
Ranged Weapons | 5 6 7 |  7.0
Fighting       | 2 |  2.3
Invocations    | 2 3 |  3.7
Stealth        | |  1.5

Action                     |  1- 3 |  4- 6 |  7- 9 || total
---------------------------+-------+-------+-------++-------
   Fire: Shortbow          |   113 |   118 |    52 ||   283
 Invoke: Heroism           |       |     1 |       ||     1
    Use: Scroll            |     4 |     1 |     3 ||     8
 Armour: Robe              |    17 |    20 |    10 ||    47
  Dodge: Dodged            |    63 |    46 |    31 ||   140

Table legend:
 A = Non-vault XP
 B = Vault XP
 C = Vault XP percentage of total XP
 D = Non-vault monster count
 E = Vault monster count
 F = Vault count percentage of total count
                 A         B        C        D         E       F
            +---------+---------+-------+---------+---------+-------
      Total |     876 |     295 |  25.2 |      80 |      11 |  12.1
            +---------+---------+-------+---------+---------+-------
        D:1 |      36 |       0 |   0.0 |      20 |       0 |   0.0
        D:2 |      47 |       0 |   0.0 |      19 |       0 |   0.0
        D:3 |      81 |       0 |   0.0 |      16 |       0 |   0.0
        D:4 |     365 |     295 |  44.7 |      21 |      11 |  34.4
        D:5 |     347 |       0 |   0.0 |       4 |       0 |   0.0
            +---------+---------+-------+---------+---------+-------
